 Dungeon Crawl Stone Soup version 0.18.1-48-g4cf74bf (webtiles) character file.

3612 wamma the Nimble (level 9, 62/82 HPs)
             Began as a Deep Dwarf Berserker on Sept 13, 2016.
             Was an Elder of Trog.
             Starved to death
             ... on level 8 of the Dungeon.
             The game lasted 01:15:22 (7191 turns).

wamma the Nimble (Deep Dwarf Berserker)             Turns: 7191, Time: 01:15:23

Health: 62/82      AC: 22    Str: 23    XL:     9   Next: 86%
Magic:  6/6        EV: 12    Int:  8    God:    Trog [****..]
Gold:   225        SH:  0    Dex: 15    Spells: 0 memorised, 8 levels left

rFire  . . .     SeeInvis .     I - +0 battleaxe (flame)
rCold  + . .     Gourm    .     K - +4 plate armour
rNeg   . . .     Faith    .     (shield currently unavailable)
rPois  .         Spirit   .     (no helmet)
rElec  .         Dismiss  .     (no cloak)
rCorr  .         Reflect  .     (no gloves)
SustAt .         Harm     .     o - +0 pair of boots
MR     +....                    (no amulet)
Stlth  ..........               (no ring)
                                v - ring of protection from cold

@: fainting, non-regenerating, somewhat resistant to hostile enchantments,
extremely unstealthy
A: damage resistance, recharge devices, iridescent scales 1, agile 1, sense
surroundings 2, slow regeneration 3, sturdy frame 1
a: Device Recharging, Berserk, Trog's Hand, Brothers in Arms, Burn Spellbooks,
Renounce Religion


You were on level 8 of the Dungeon.
You worshipped Trog.
Trog was greatly pleased with you.
You were fainting.

You visited 2 branches of the dungeon, and saw 9 of its levels.

You collected 435 gold pieces.
You spent 210 gold pieces at shops.

Inventory:

Hand Weapons
 a - a +1 hand axe
 e - a +0 mace
 j - a +0 hunting sling
 p - a cursed -1 short sword
 q - a +0 shortbow
 r - a +0 short sword of holy wrath
 t - a +0 flail
 C - a +0 whip of electrocution
 E - a +0 glaive
 H - a +2 mace of freezing
 I - a +0 battleaxe of flaming (weapon)
Missiles
 f - 174 stones (quivered)
 i - 135 arrows
Armour
 b - a +0 animal skin
 d - a +2 buckler
 o - a +0 pair of boots (worn)
 w - a +0 scale mail
 x - a +2 centaur barding of flying
 D - a +0 robe
 F - a +2 leather armour of cold resistance
 K - a +4 plate armour (worn)
 L - a +3 ring mail
Magical Staves
 y - an uncursed staff of death {unknown}
Jewellery
 n - an uncursed ring of stealth {unknown}
 u - a +5 ring of dexterity {unknown}
 v - a ring of protection from cold (left hand)
 G - an uncursed amulet of harm
 M - an uncursed ring of positive energy {unknown}
Wands
 c - a wand of heal wounds (2/9)
Scrolls
 h - a scroll of teleportation
 k - a scroll of fear
 s - 5 scrolls of remove curse
 J - a scroll of brand weapon
Potions
 g - a potion of cancellation {unknown}
 l - a potion of cure mutation {unknown}
 m - 2 potions of haste
 z - 3 potions of mutation
 A - a potion of heal wounds


   Skills:
 + Level 5.8 Fighting
 + Level 8.6 Axes
 + Level 2.9 Slings
 + Level 6.7 Armour
 + Level 9.0 Dodging
 + Level 2.0 Stealth
 + Level 3.3 Evocations


You had 8 spell levels left.
You didn't know any spells.

Dungeon Overview and Level Annotations

Branches:
Dungeon (8/15)             Temple (1/1) D:4
   Lair: D:8-11

Altars:
Ashenzari
Nemelex Xobeh
Okawaru
Qazlal

Shops:
D:5 :   D:7 *


Innate Abilities, Weirdness & Mutations

You are resistant to damage.
You can recharge devices by infusing magical energy.
You passively map the area around you.
You do not regenerate naturally.
You are partially covered in iridescent scales (AC +4).
You are agile. (Dex +2)
Your movements are slightly less encumbered by armour (ER -2).


Message History

You miss the big kobold.
The big kobold is severely wounded.
The big kobold hits you but does no damage.
The yak barely misses you. The yak completely misses you.
You hit the yak. You burn the yak.
The yak is heavily wounded.
You closely miss the big kobold.
The big kobold is severely wounded.
You barely miss the yak.
The yak is lightly wounded.
The big kobold barely misses you. The yak misses you.
The yak gores you but does no damage.
You closely miss the yak.
The yak is heavily wounded.
You barely miss the yak.
The yak is lightly wounded.
You closely miss the big kobold.
The big kobold is severely wounded.
You have starved to death.
You die...

###############
#(......#.....#
####@#####.......#
#.≈YYK≈PP###.....#
#..%KY.≈P# #.....#
#..P%.P≈≈#
#.....####
#.....≈≈P#
#.........
#%....P≈.#
#.....####
##'''###+# #.....#
)....#, #.)<†.#
#%%...+ * #...†..#


You could see 2 yaks, 2 big kobolds and a sheep.

Vanquished Creatures
  Pikel (D:6)
  Prince Ribbit (D:5)
  Eustachio (D:5)
  A hippogriff (D:7)
  Duvessa (D:7)
  2 ice beasts
  A phantom (D:7)
  An orc warrior (D:7)
  2 slaves (D:6)
  2 ogres (D:5)
  A black bear (D:6)
  A sky beast (D:6)
  2 centaurs
  Blork the orc (D:5)
  6 giant frogs
  A scorpion (D:7)
  Dowan (D:7)
  A jelly (D:6)
  A howler monkey (D:8)
  4 wights (D:6)
  2 crimson imps
  A centaur zombie (D:6)
  A giant frog zombie (D:8)
  A centaur skeleton (D:6)
  5 hounds
  4 orc priests
  3 orc wizards
  Ijyb (D:2)
  5 worker ants
  A howler monkey skeleton (D:5)
  6 adders
  3 gnolls (D:7)
  3 shadow imps
  2 adder zombies
  3 worms (D:2)
  2 dart slugs
  7 giant geckos
  16 orcs
  A ball python (D:3)
  7 giant cockroaches
  2 goblins
  10 hobgoblins
  4 jackals (D:1)
  2 quokkas
  7 bats
  A giant gecko zombie (D:6)
  3 giant newts
  9 kobolds
  A quokka skeleton (D:5)
  2 quokka zombies
  10 rats
157 creatures vanquished.

Vanquished Creatures (others)
  A hound (D:6)
  A shadow imp (D:6)
  An adder skeleton (D:6)
  2 orcs (D:6)
5 creatures vanquished.

Grand Total: 162 creatures vanquished

Notes
Turn   | Place    | Note
--------------------------------------------------------------
     0 | D:1      | wamma the Deep Dwarf Berserker began the quest for the Orb.
     0 | D:1      | Reached XP level 1. HP: 20/20 MP: 1/1
   155 | D:1      | Reached XP level 2. HP: 27/27 MP: 2/2
   546 | D:1      | Reached ** piety under Trog
   646 | D:1      | Reached XP level 3. HP: 19/33 MP: 3/3
   710 | D:1      | Reached skill level 1 in Slings
   858 | D:1      | Reached skill level 3 in Dodging
  1180 | D:2      | Noticed Ijyb
  1187 | D:2      | Paralysed by Ijyb for 5 turns
  1197 | D:2      | Paralysed by Ijyb for 4 turns
  1205 | D:2      | Paralysed by Ijyb for 2 turns
  1216 | D:2      | Killed Ijyb
  1216 | D:2      | Reached skill level 1 in Stealth
  1216 | D:2      | Reached XP level 4. HP: 26/42 MP: 4/4
  2373 | D:2      | Reached XP level 5. HP: 34/49 MP: 5/5
  2557 | D:3      | Found a shattered altar of Ashenzari.
  2562 | D:3      | Saw a vision of the Shoals and the Spider Nest.
  2562 | D:3      | Noticed a redback
  2562 | D:3      | Noticed a redback
  2562 | D:3      | Noticed a siren
  2562 | D:3      | Noticed a sea snake
  2563 | D:3      | Noticed a sea snake
  2585 | D:3      | Noticed a wasp
  2593 | D:3      | Found an iron altar of Okawaru.
  2912 | D:3      | Reached *** piety under Trog
  3297 | D:3      | Found a faded altar to an unknown god.
  3743 | D:4      | Reached skill level 1 in Evocations
  3743 | D:4      | Reached XP level 6. HP: 50/56 MP: 4/4
  3800 | D:4      | Found a staircase to the Ecumenical Temple.
  3811 | Temple   | Entered the Ecumenical Temple
  3955 | D:4      | Found a sparkling altar of Nemelex Xobeh.
  3974 | D:4      | Reached skill level 4 in Dodging
  4052 | D:5      | Entered Level 5 of the Dungeon
  4090 | D:5      | Noticed Eustachio
  4141 | D:5      | Killed Eustachio
  4245 | D:5      | Reached XP level 7. HP: 61/62 MP: 6/6
  4257 | D:5      | Noticed Blork the orc
  4274 | D:5      | Killed Blork the orc
  4519 | D:5      | Noticed Prince Ribbit
  4536 | D:5      | Killed Prince Ribbit
  4536 | D:5      | Reached skill level 5 in Axes
  4536 | D:5      | Reached skill level 5 in Dodging
  4691 | D:5      | Found Ytonoici's Book Boutique.
  4718 | D:5      | Reached skill level 5 in Armour
  4978 | D:5      | Reached XP level 8. HP: 24/72 MP: 6/6
  5196 | D:6      | Noticed Pikel
  5248 | D:6      | Killed Pikel
  5248 | D:6      | Reached skill level 6 in Dodging
  5345 | D:6      | Found a stormy altar of Qazlal.
  5560 | D:6      | Reached skill level 7 in Dodging
  5610 | D:6      | Reached skill level 5 in Fighting
  5610 | D:6      | Gained mutation: You passively map the area around you. [Deep Dwarf growth]
  5610 | D:6      | Reached XP level 9. HP: 61/81 MP: 7/7
  6353 | D:7      | Reached **** piety under Trog
  6359 | D:7      | Gained mutation: You are partially covered in iridescent scales (AC +4). [potion of mutation]
  6359 | D:7      | Gained mutation: Your movements are slightly less encumbered by armour (ER -2). [potion of mutation]
  6359 | D:7      | Gained mutation: You are agile. (Dex +2) [potion of mutation]
  6366 | D:7      | Noticed Dowan
  6369 | D:7      | Noticed Duvessa
  6377 | D:7      | Killed Dowan
  6384 | D:7      | Killed Duvessa
  6384 | D:7      | Reached skill level 8 in Dodging
  6391 | D:7      | Got a fine ring mail
  6396 | D:7      | Identified the cursed +1 ring mail "Esu Siet" {MR+ MP+9 Int+2 Dex-5} (You found it on level 7 of the Dungeon)
  6413 | D:7      | Found Vuhaw's Assorted Antiques.
  6462 | D:7      | Bought a scroll of identify for 60 gold pieces
  6462 | D:7      | Bought a large granite ring for 150 gold pieces
  7133 | D:8      | Reached skill level 9 in Dodging
  7166 | D:8      | Paralysed by fainting for 9 turns
  7191 | D:8      | Starved to death

Skill      XL: |  1  2  3  4  5  6  7  8  9 |
---------------+----------------------------+-----
Slings         | 2 |  2.9
Fighting       | 3 4 5 |  5.8
Dodging        | 3 4 5 7 9 |  9.0
Stealth        | 1 2 |  2.0
Axes           | 4 5 7 8 |  8.6
Armour         | 3 4 5 6 |  6.7
Evocations     | 1 2 3 |  3.3

Action                   |  1- 3 |  4- 6 |  7- 9 || total
-------------------------+-------+-------+-------++-------
Melee: Hand axe          |    51 |   275 |   247 ||   573
       Battleaxe         |       |       |   194 ||   194
 Fire: Hunting sling     |    65 |    16 |       ||    81
Invok: Trog's Hand       |       |     1 |       ||     1
 Abil: Device Recharging |       |     2 |     3 ||     5
Evoke: Wand              |     2 |    11 |    20 ||    33
  Use: Scroll            |       |     7 |    11 ||    18
       Potion            |       |     1 |     8 ||     9
 Stab: Sleeping          |     2 |     1 |       ||     3
  Eat: Bread ration      |     1 |     1 |       ||     2
       Meat ration       |       |     1 |     1 ||     2
Armor: Animal skin       |    14 |    12 |       ||    26
       Scale mail        |       |    99 |    41 ||   140
       Leather armour    |       |       |    70 ||    70
       Skin              |       |       |     2 ||     2
       Plate armour      |       |       |    91 ||    91
Dodge: Dodged            |    63 |   212 |   404 ||   679
